 Dungeon Crawl Stone Soup version 0.19-a0-1672-g679cadd (webtiles) character file.

7873 PurpleRed the Destroyer (level 11, -2/54 HPs)
             Began as a Deep Elf Conjurer on Sept 22, 2016.
             Was a Believer of Vehumet.
             Slain by a killer bee (5 damage)
             ... on level 2 of the Lair of Beasts.
             The game lasted 00:35:20 (3424 turns).

PurpleRed the Destroyer (Deep Elf Conjurer)         Turns: 3424, Time: 00:35:21

Health: -2/54      AC:  7    Str:  9    XL:     11   Next: 2%
Magic:  1/28       EV: 17    Int: 24    God:    Vehumet [**....]
Gold:   220        SH:  4    Dex: 15    Spells: 4 memorised, 21 levels left

rFire  . . .     SeeInvis .     e - 2 scrolls of amnesia
rCold  . . .     Gourm    .     I - +1 robe "Lesewk" {rElec rN+ MR- Str+4}
rNeg   + . .     Faith    .     (no shield)
rPois  .         Spirit   .     G - +2 helmet
rElec  +         Dismiss  .     (no cloak)
rCorr  .         Reflect  .     A - +0 pair of gloves
MR     .....     Harm     .     (no boots)
Stlth  +++.......               C - amulet of magic regeneration
                                L - ring of stealth
                                E - ring of wizardry

@: lethally poisoned (-2 -> -3)
A: large bone plates 1
a: Renounce Religion


You were on level 2 of the Lair of Beasts.
You worshipped Vehumet.
Vehumet was pleased with you.
You were hungry.

You visited 2 branches of the dungeon, and saw 14 of its levels.

You collected 340 gold pieces.
You spent 120 gold pieces at shops.

Inventory:

Hand Weapons
 j - a +3 dagger of speed
Armour
 a - a +0 robe
 A - a +0 pair of gloves (worn)
 G - a +2 helmet (worn)
 I - the +1 robe "Lesewk" (worn) {rElec rN+ MR- Str+4}
   (You found it on level 1 of the Lair of Beasts)

   It affects your strength (+4).
   It insulates you from electricity.
   It protects you from negative energy.
   It affects your resistance to hostile enchantments.
Jewellery
 C - an amulet of magic regeneration (around neck)
 E - a ring of wizardry (left hand)
 K - an uncursed ring of wizardry
 L - a ring of stealth (right hand)
Wands
 i - a wand of digging (13/24)
 r - a wand of lightning (0/15)
 w - a wand of lightning (9/15)
 y - a wand of lightning (6/15)
 z - a wand of flame (0/48)
 H - a wand of lightning (7/15)
Scrolls
 e - 2 scrolls of amnesia (in hand)
 l - a scroll of recharging
 t - 2 scrolls of teleportation
 u - 3 scrolls of remove curse
Potions
 f - a potion of invisibility
 g - a potion of agility
 h - 2 potions of ambrosia
 k - a potion of lignification
 m - a potion of cure mutation
 n - a potion of might
 o - a potion of magic {unknown}
 p - 2 potions of flight
 q - a potion of curing {unknown}
 x - 3 potions of haste
Books
 b - a book of Conjurations

   Spells                             Type                      Level
   a - Magic Dart                     Conjuration                  1
   b - Searing Ray                    Conjuration                  2
   c - Dazzling Spray                 Conjuration/Hexes            3
   d - Fulminant Prism                Conjuration/Hexes            4
   e - Iskenderun's Mystic Blast      Conjuration                  4
   f - Iskenderun's Battlesphere      Conjuration/Charms           5
 d - a book of Geomancy

   Spells                             Type                      Level
   a - Sandblast                      Earth                        1
   b - Passwall                       Transmutation/Earth          2
   c - Stone Arrow                    Conjuration/Earth            3
   d - Petrify                        Transmutation/Earth          4
   e - Lee's Rapid Deconstruction     Earth                        5
 F - a book of Party Tricks

   Spells                             Type                      Level
   a - Summon Butterflies             Summoning                    1
   b - Apportation                    Translocation                1
   c - Tukima's Dance                 Hexes                        3
   d - Alistair's Intoxication        Transmutation/Poison         5
   e - Invisibility                   Hexes                        6
 J - the Handbook of Transmutation and Earth
   (You found it on level 2 of the Lair of Beasts)

   Spells                             Type                      Level
   a - Beastly Appendage              Transmutation                1
   b - Sticks to Snakes               Transmutation                2
   c - Petrify                        Transmutation/Earth          4
   d - Hydra Form                     Transmutation                6
   e - Dragon Form                    Transmutation                7
Comestibles
 c - 2 bread rations
 s - 5 meat rations
 B - a beef jerky


   Skills:
 + Level 7.4 Dodging
 - Level 2.4 Stealth
 + Level 11.6 Spellcasting
 * Level 13.7 Conjurations
 - Level 7.0 Charms


You had 21 spell levels left.
You knew the following spells:

 Your Spells              Type           Power        Failure   Level  Hunger
a - Magic Dart            Conj           ####         0%          1    None
b - Searing Ray           Conj           ######       1%          2    None
c - Iskenderun's Mystic   Conj           ######..     1%          4    None
d - Iskenderun's Battles  Conj/Chrm      ######..     1%          5    ###....


Dungeon Overview and Level Annotations

Branches:
Dungeon (11/15)              Lair (3/6) D:10         Spider (0/4) Lair:3
    Orc (0/2) D:11
 Temple: D:4-7        Swamp: Lair:2-4    Shoals: Lair:2-4

Altars:
Ashenzari
Fedhas
Makhleb
Nemelex Xobeh
Sif Muna
Uskayaw
Vehumet
Xom
Yredelemnul
Zin

Shops:
D:6 *?:[?   D:7 %

Portals:
Trove: D:10 (give 8 potions of haste)

Annotations:
D:3 Terence
D:5 Edmund, Pikel
D:6 Blork the orc


Innate Abilities, Weirdness & Mutations

You are partially covered in large bone plates. (SH +4)


Message History

Confirm with . or Enter, or press ? or * to list all spells.
Aiming: Magic Dart
Press: ? - help, Shift-Dir - straight line, f/p - basilisk
Aim: a basilisk (severely wounded)
The magic dart hits the basilisk.
The basilisk is severely wounded.
You feel sick. The killer bee completely misses you.
Your battlesphere fires!
The barrage of energy hits the basilisk.
The basilisk is almost dead.
The basilisk misses you. You block the killer bee's attack.
Evoke which item? (* to show all) (? for menu, Esc to quit)
Zapping:
z - a wand of flame {zapped: 2} (will waste charges)
Press: ? - help, Shift-Dir - straight line, f/p - basilisk
Aim: a basilisk (almost dead) Nothing appears to happen.
The killer bee closely misses you. The basilisk bites you!
* * * LOW HITPOINT WARNING * * *
The killer bee stings you.
You die...

##.###...†........
#..####..†........
#P...#....P##.####
##..###...###....# ####
##....#....#.....#
...###....##<..##.....##
...........#...........#
.............*..ly....#
.#..............@.....#
.P.....................#
....#.##..#....P.......#
....####..##...####....#
...............#.P.#....
........................
.......................#
...÷..........###......#
†.............# P#...


You could see a basilisk, a killer bee and a friendly battlesphere.

Vanquished Creatures
  2 hydras
  2 spiny frogs (Lair:2)
  3 komodo dragons
  A two-headed ogre (D:9)
  A hippogriff (Lair:3)
  10 yaks
  4 water moccasins
  An orc warrior (D:9)
  An ice beast (D:9)
  2 porcupines
  A sky beast (D:6)
  A phantom (D:10)
  A wasp (Lair:3)
  3 ogres
  5 wolves (Lair:2)
  A crocodile (Lair:2)
  4 bullfrogs
  A scorpion (D:7)
  9 killer bees (Lair:2)
  A howler monkey (D:8)
  3 wights (D:6)
  2 electric eels
  2 crimson imps
  2 centaur zombies
  5 hounds
  A bullfrog skeleton (D:9)
  An orc wizard (D:5)
  3 worker ants
  A hound zombie (D:10)
  2 adders (D:6)
  A howler monkey skeleton (D:4)
  14 river rats (Lair:3)
  A shadow imp (D:8)
  3 adder skeletons
  An adder zombie (D:8)
  3 worms (Lair:3)
  6 orcs
  5 giant cockroaches
  2 hobgoblins (D:2)
  2 kobolds (D:1)
  2 quokkas
  A frilled lizard (D:1)
  5 goblins (D:3)
  A rat (D:3)
123 creatures vanquished.

Vanquished Creatures (collateral kills)
  An iguana (D:10)
1 creature vanquished.

Vanquished Creatures (others)
  An iguana (D:7)
  A plant (Lair:2)
2 creatures vanquished.

Grand Total: 126 creatures vanquished

Notes
Turn   | Place    | Note
-------+----------+-------------------------------------------
     0 | D:1      | PurpleRed the Deep Elf Conjurer began the quest for the Orb.
     0 | D:1      | Reached XP level 1. HP: 10/10 MP: 6/6
   293 | D:3      | Found a deep blue altar of Sif Muna.
   331 | D:3      | Reached XP level 2. HP: 15/15 MP: 8/8
   396 | D:4      | Learned a level 2 spell: Searing Ray
   444 | D:4      | Reached skill level 5 in Conjurations
   444 | D:4      | Reached XP level 3. HP: 19/19 MP: 5/10
   505 | D:3      | Noticed Terence
   588 | D:5      | Entered Level 5 of the Dungeon
   624 | D:5      | Noticed Edmund
   636 | D:5      | Reached XP level 4. HP: 19/24 MP: 7/12
   771 | D:6      | Noticed Blork the orc
   795 | D:5      | Noticed a slave
   796 | D:5      | Noticed Pikel
   796 | D:5      | Noticed a slave
   796 | D:5      | Noticed a slave
   797 | D:5      | Noticed a slave
   846 | D:7      | Noticed a bullfrog
   854 | D:7      | Killed a bullfrog
   854 | D:7      | Reached skill level 5 in Spellcasting
   854 | D:7      | Reached skill level 6 in Conjurations
   854 | D:7      | Reached XP level 5. HP: 3/28 MP: 2/14
   862 | D:7      | Learned a level 4 spell: Iskenderun's Mystic Blast
   868 | D:7      | Learned a level 5 spell: Iskenderun's Battlesphere
   876 | D:7      | Noticed an ogre
   902 | D:7      | Killed an ogre
   994 | D:7      | Found a sparkling altar of Nemelex Xobeh.
  1016 | D:7      | Noticed a centaur
  1079 | D:7      | Found Faliol's Food Shoppe.
  1082 | D:7      | Noticed a centaur
  1091 | D:7      | Reached skill level 7 in Conjurations
  1091 | D:7      | Reached XP level 6. HP: 19/32 MP: 10/16
  1159 | D:7      | Noticed an orc warrior
  1165 | D:6      | Noticed a sky beast
  1208 | D:6      | Found Huut's Magic Scroll Shop.
  1223 | D:6      | Killed a sky beast
  1223 | D:6      | Reached skill level 8 in Conjurations
  1223 | D:6      | Reached skill level 1 in Charms
  1223 | D:6      | Reached XP level 7. HP: 24/36 MP: 0/18
  1230 | D:6      | Gained mutation: You are partially covered in large bone plates. (SH +4) [mutagenic meat]
  1232 | D:6      | Bought a scroll of remove curse for 30 gold pieces
  1242 | D:6      | Bought a scroll of teleportation for 30 gold pieces
  1251 | D:6      | Found Dikkossu's Book Emporium.
  1303 | D:6      | Found Virhar's Armour Emporium.
  1483 | D:6      | Found Fonaoppo's Magic Scroll Shop.
  1520 | D:6      | Bought a scroll of magic mapping for 38 gold pieces
  1538 | D:7      | Noticed a hippogriff
  1676 | D:6      | Found a radiant altar of Vehumet.
  1676 | D:6      | Found a burning altar of Makhleb.
  1688 | D:6      | Became a worshipper of Vehumet
  1731 | D:6      | Found Jegom's General Store.
  1743 | D:6      | Bought a scroll of identify for 22 gold pieces
  1790 | D:8      | Reached XP level 8. HP: 37/41 MP: 11/20
  1795 | D:8      | Reached skill level 9 in Conjurations
  1976 | D:9      | Reached skill level 5 in Charms
  2019 | D:9      | Noticed a two-headed ogre
  2026 | D:9      | Killed a two-headed ogre
  2157 | D:10     | Entered Level 10 of the Dungeon
  2250 | D:11     | Noticed a seven-headed hydra
  2258 | D:11     | Killed a seven-headed hydra
  2258 | D:11     | Reached skill level 10 in Conjurations
  2258 | D:11     | Reached XP level 9. HP: 45/45 MP: 13/24
  2308 | D:10     | Found a portal to a secret trove of treasure.
  2368 | D:9      | Found a blossoming altar of Fedhas.
  2374 | D:9      | Found a hide-covered altar of Uskayaw.
  2374 | D:9      | Found a shattered altar of Ashenzari.
  2374 | D:9      | Found a glowing silver altar of Zin.
  2374 | D:9      | Found a basalt altar of Yredelemnul.
  2375 | D:9      | Found a shimmering altar of Xom.
  2645 | D:10     | Reached skill level 11 in Conjurations
  2710 | D:10     | Found a staircase to the Lair.
  2728 | Lair:1   | Entered Level 1 of the Lair of Beasts
  2797 | Lair:2   | Noticed a komodo dragon
  2831 | Lair:1   | Reached skill level 10 in Spellcasting
  2887 | Lair:1   | Reached * piety under Vehumet
  2887 | Lair:1   | Offered knowledge of Freeze by Vehumet.
  2906 | Lair:1   | Noticed an eight-headed hydra
  2913 | Lair:1   | Killed an eight-headed hydra
  2913 | Lair:1   | Reached skill level 5 in Dodging
  2913 | Lair:1   | Reached skill level 12 in Conjurations
  2913 | Lair:1   | Reached XP level 10. HP: 50/50 MP: 12/26
  2916 | Lair:1   | Got a twisted robe
  2927 | Lair:1   | Identified the +1 robe "Lesewk" {rElec rN+ MR- Str+4} (You found it on level 1 of the Lair of Beasts)
  2942 | Lair:2   | Noticed a spiny frog
  2950 | Lair:2   | Killed a spiny frog
  2958 | Lair:2   | Identified the Handbook of Transmutation and Earth
  3069 | Lair:2   | Reached skill level 13 in Conjurations
  3074 | Lair:2   | Noticed a spiny frog
  3082 | Lair:2   | Killed a spiny frog
  3163 | Lair:3   | Found a hole to the Spider Nest.
  3237 | Lair:3   | Offered knowledge of Shock by Vehumet.
  3239 | Lair:3   | Reached ** piety under Vehumet
  3395 | Lair:2   | Reached XP level 11. HP: 40/54 MP: 3/28
  3424 | Lair:2   | Slain by a killer bee

Vault maps used:
D:1:      dpeg_arrival_circle_labyrinth_c, nrook_loot_triangle
D:2:      first_bread, minmay_hedge_maze
D:3:      old_standard_altar, uniq_terence, uniq_grinder
D:4:      grunt_gozag_breadcrumbs
D:5:      gup_sewer_entry_spiral, uniq_pikel, uniq_edmund
D:6:      grunt_temple_overflow_lords_of_destruction, serial_shops,
          nicolae_shop_behind_doors, shop, nicolae_shop_behind_doors,
          nicolae_shop_behind_doors, nicolae_shop_trees, uniq_blork_the_orc
D:7:      nemelex_altar_shiori, serial_shops, shop
D:8:      grunt_livestock, uniq_psyche
D:9:      minitemple
D:10:     lair_0_dummy, nicolae_trove_entry_crystal
D:11:     minmay_glassy_protrusions, orc_0_dummy, basic_altar, uniq_urug
Lair:1:   nicolae_quartered_pool_little
Lair:2:   regret_index_harrowing_hell_hive, nicolae_quartered_pool_medium
Lair:3:   minmay_swamp_entry_eels, nicolae_spider_entry_non_spiders,
          special_room

Skill      XL: |  1  2  3  4  5  6  7  8  9 10 |
---------------+-------------------------------+-----
Conjurations   | 5 6 7 8 10 12 13 | 13.7
Spellcasting   | 4 5 6 7 9 10 11 | 11.6
Charms         | 1 4 7 |  7.0
Dodging        | 5 7 |  7.4
Stealth        | |  2.4

Action                   |  1- 3 |  4- 6 |  7- 9 | 10-12 || total
-------------------------+-------+-------+-------+-------++-------
Melee: Dagger            |     3 |    15 |     6 |     8 ||    32
 Cast: Magic Dart        |    18 |    20 |    68 |    85 ||   191
       Searing Ray       |     3 |    10 |     9 |     1 ||    23
       Iskenderun's Batt |       |       |    18 |    15 ||    33
       Iskenderun's Myst |       |       |     3 |     9 ||    12
Evoke: Wand              |       |       |     3 |     2 ||     5
  Use: Scroll            |     7 |     2 |    10 |     2 ||    21
       Potion            |       |       |       |     2 ||     2
 Stab: Sleeping          |     2 |       |       |       ||     2
  Eat: Chunk             |       |       |     8 |     4 ||    12
       Royal jelly       |       |       |     1 |       ||     1
Armor: Robe              |     1 |    12 |     2 |     6 ||    21
Dodge: Dodged            |     1 |    18 |    10 |    35 ||    64
Block: Other             |       |       |     1 |     8 ||     9
